 Dungeon Crawl Stone Soup version 0.30-a0-373-gd37427bb62 (webtiles) character file.

Game seed: 7052552820057479734

20 greenreed the Magician (level 2, -1/14 HPs)
             Began as a Spriggan Transmuter on Nov 24, 2022.
             Slain by a gnoll
             ... wielding a +0 spear
              (6 damage)
             ... on level 1 of the Dungeon.
             The game lasted 00:01:48 (727 turns).

greenreed the Magician (Spriggan Transmuter)         Turns: 727, Time: 00:01:48

Health: -1/14      AC:  2    Str:  6    XL:     2   Next: 58%
Magic:  7/7        EV: 17    Int: 14    God:
Gold:   67         SH:  0    Dex: 15    Spells: 6/7 levels left

rFire   . . .      SeeInvis +      - Unarmed
rCold   . . .      Faith    .    (no shield)
rNeg    . . .      Spirit   .    a - +0 robe
rPois   .          Reflect  .    (helmet currently unavailable)
rElec   .          Harm     .    (no cloak)
rCorr   .          Rampage  .    (gloves unavailable)
Will    .....                    (boots unavailable)
Stlth   +.........               (no amulet)
HPRegen 0.22/turn                (no ring)
MPRegen 0.10/turn                (no ring)

@: appendages (expiring), very quick
A: horns 2, talons 2, very small, no large weapons, unfitting armour, see
invisible, speed 3
a: End Transformation


You were on level 1 of the Dungeon.
You had temporarily grown beastly horns and talons.
You visited 1 branch of the dungeon, and saw 2 of its levels.

You collected 67 gold pieces.

Inventory:

Armour
 a - a +0 robe (worn)
Scrolls
 c - a scroll of enchant armour {unknown}
 e - 2 scrolls of blinking {unknown}
 f - 2 scrolls of identify {unknown}
 g - a scroll of poison {unknown}
Potions
 b - a potion of lignification
 d - a potion of might {unknown}


   Skills:
 * Level 1.1 Fighting
 + Level 2.8 Dodging
 * Level 2.8 Unarmed Combat
 + Level 3.0 Spellcasting
 + Level 2.7 Transmutations


You had 6 spell levels left.
You knew the following spells:

 Your Spells              Type           Power      Damage    Failure   Level
a - Beastly Appendage     Tmut           18%        N/A       7%          1

Your spell library contained the following spells:

 Spells                   Type           Power      Damage    Failure   Level
 Wereblood                Tmut           9%         N/A       11%         2
 Spider Form              Tmut/Pois      6%         N/A       36%         3
 Summon Guardian Golem    Hex/Summ       2%         N/A       54%         3
 Ice Form                 Ice/Tmut       6%         N/A       77%         4
 Orb of Destruction       Conj           1%         9d5       100%        7
 Spellforged Servitor     Conj/Summ      1%         N/A       100%        7


Dungeon Overview and Level Annotations

Branches:
Dungeon (2/15)

Altars:


Innate Abilities, Weirdness & Mutations

You have temporarily grown beastly horns and talons.
You are very small and have problems with some larger weapons.
You are too small for most types of armour.
You have supernaturally acute eyesight. (SInv)
You cover ground extremely quickly. (Speed+++)


Message History

The gnoll completely misses you.
You climb upwards.
There is a stone staircase leading down here.
You are too injured to fight recklessly!
You are too injured to fight recklessly!
You barely miss the gnoll. Your kick misses the gnoll.
The gnoll is heavily wounded.
You hit the gnoll. Your headbutt misses the gnoll.
The gnoll is almost dead.
The gnoll completely misses you.
You hit the gnoll.
You kill the gnoll!
Your Spellcasting skill increases to level 3!
You start resting.
Your transformation is almost over.
Your horns disappear.
Your talons disappear.
Magic restored.
You start resting.
HP restored.
You grow a pair of large bovine horns.
Your feet morph into talons.
You climb downwards.
Your transformation is almost over.
There is a stone staircase leading up here.
There is a stone staircase leading up here.
The gnoll completely misses you. The gnoll hits you but does no damage.
You climb upwards.
There is a stone staircase leading down here.
You barely miss the gnoll. You claw the gnoll.
The gnoll is lightly wounded.
The gnoll hits you with a +0 spear!
Ouch! That really hurt!
* * * LOW HITPOINT WARNING * * *
You are too injured to fight recklessly!
You closely miss the gnoll.
The gnoll is lightly wounded.
The gnoll closely misses you.
You hit the gnoll.
The gnoll is moderately wounded.
The gnoll hits you with a +0 spear.
You die...

.#####.#..#.#...#...#......#.#
.#...#.#.#...#...#.#.#.....#.#
.#..##.#....#.#...#...#....#.#
.#...#.#...#...#...#...#...#.#
.##..#.#..#.....#...#...#..#.#
.......#.#.......#)......#.#.#
..##..###.................##.#
......###########g##########.#
...#............@............#
...#..#.####.###############.#
####.รท#....#...............#'####
#..####.###############.......
#.............................
##.####.#####................. #.#
#.#...'.....#####....... #.#
#.#.###.....# #....... #.#
#.#####.....# #.......


You could see a gnoll.

Vanquished Creatures
  A gnoll (D:1)
  A dart slug (D:1)
  2 ball pythons (D:1)
  A hobgoblin (D:1)
  A frilled lizard (D:1)
  A goblin (D:1)
  A kobold (D:1)
  2 rats (D:1)
10 creatures vanquished.

Notes
Turn   | Place    | Note
-------+----------+-------------------------------------------
     0 | D:1      | greenreed the Spriggan Transmuter began the quest for the
                  | Orb.
     0 | D:1      | Reached XP level 1. HP: 9/9 MP: 5/5
   199 | D:1      | Reached skill level 1 in Fighting
   526 | D:1      | Reached XP level 2. HP: 14/14 MP: 4/6
   672 | D:1      | Reached skill level 3 in Spellcasting
   727 | D:1      | Slain by a gnoll

Illustrated notes

Levels and vault maps discovered:
D:1:      matt_arrival_diagonals, layout_basic
D:2:      layout_loops_ring, basic_altar

Skill      XL: |  1  2 |
---------------+-------+-----
Fighting       | 1 |  1.1
Spellcasting   | 3 |  3.0
Dodging        | |  2.8
Unarmed Combat | |  2.8
Transmutations | |  2.7

Action                   || total
-------------------------++-------
Melee: Unarmed           ||    32
       Kick              ||    11
       Headbutt          ||     3
       Punch             ||     1
 Cast: Beastly Appendage ||    10
 Stab: Sleeping          ||     1
Armor: Robe              ||     1
Dodge: Dodged            ||    21

Table legend: (Time is in decaauts)
 A = Elapsed time spent in this place.
 B = Non-inter-level travel time spent in this place.
 C = Inter-level travel time spent in this place.
 D = Time resting spent in this place.
 E = Time spent auto-exploring this place.
 F = Levels seen in this place.
 G = Mean time per level.
                   A        B        C        D        E       F      G
               +--------+--------+--------+--------+--------+-----+--------+
         Total |    515 |    505 |     10 |     46 |    375 |   2 |  257.5 |
       Dungeon |    515 |    505 |     10 |     46 |    375 |   2 |  257.5 |
               +--------+--------+--------+--------+--------+-----+--------+

Top non-repeatable levels by time:
     D:1: 505 daAuts
     D:2: 9 daAuts
